 Dungeon Crawl Stone Soup version 0.18-a0-1730-g73f0523 (webtiles) character file.

371 4thArraOfDagon the Chopper (level 6, -1/84 HPs)
             Began as a Hill Orc Berserker on Apr 10, 2016.
             Was a Believer of Trog.
             Slain by a centaur (2 damage)
             ... on level 8 of the Dungeon.
             The game lasted 00:03:25 (760 turns).

4thArraOfDagon the Chopper (Hill Orc Berserker)      Turns: 760, Time: 00:03:26

Health: -1/84      AC:  7    Str: 27    XL:     6   Next: 70%
Magic:  6/6        EV: 10    Int:  7    God:    Trog [**....]
Gold:   58         SH:  3    Dex: 10    Spells: 0 memorised, 5 levels left

rFire  . . .     SeeInvis .     a - +0 hand axe
rCold  . . .     Gourm    .     u - +0 scale mail
rNeg   . . .     Faith    .     (no shield)
rPois  .         Spirit   .     (no helmet)
rElec  .         Dismiss  .     (no cloak)
rCorr  .         Reflect  +     (no gloves)
SustAt .         Harm     .     (no boots)
MR     .....                    p - +3 amulet of reflection
Stlth  ..........               (no ring)
                                (no ring)

@: berserking (expiring), lethally poisoned (-1 -> -8), very quick, not
resistant to hostile enchantments, extremely unstealthy
A: no striking features
a: Berserk, Trog's Hand, Burn Spellbooks, Renounce Religion


You were on level 8 of the Dungeon.
You worshipped Trog.
Trog was pleased with you.
You were hungry.

You visited 1 branch of the dungeon, and saw 8 of its levels.

You collected 58 gold pieces.

Inventory:

Hand Weapons
 a - a +0 hand axe (weapon)
Missiles
 o - 3 curare-tipped needles
Armour
 u - a +0 scale mail (worn)
Jewellery
 p - a +3 amulet of reflection (around neck)
 v - an uncursed amulet of magic regeneration
Wands
 w - a wand of random effects (29/48)
 x - a wand of flame (25/48)
Scrolls
 b - a scroll of fog {unknown}
 e - 2 scrolls of recharging {unknown}
 f - a scroll of identify {unknown}
 g - a scroll of blinking {unknown}
 h - a scroll of amnesia {unknown}
 q - a scroll of magic mapping {unknown}
 y - a scroll of teleportation {unknown}
Potions
 d - a potion of might {unknown}
 j - a potion of curing {unknown}
 r - a potion of berserk rage {unknown}
 s - a potion of haste {unknown}
 t - a potion of brilliance {unknown}
Books
 k - a book of Spatial Translocations

   Spells                             Type                      Level
   a - Apportation                    Translocation                1
   b - Blink                          Translocation                2
   c - Shroud of Golubria             Charms/Translocation         2
   d - Portal Projectile              Translocation                3
   e - Teleport Other                 Translocation                3
   f - Passage of Golubria            Translocation                4
   Trog disapproves of the use of such an item.
Comestibles
 c - a bread ration
 i - 3 meat rations
 l - 3 chunks of flesh
 m - 4 fruits
 n - a royal jelly
 z - a beef jerky


   Skills:
 + Level 5.4 Fighting
 * Level 7.2 Axes
 + Level 4.2 Armour
 - Level 1.5 Dodging


You had 5 spell levels left.
You didn't know any spells.

Dungeon Overview and Level Annotations

Branches:
Dungeon (7/15)             Temple (0/1) D:4

Altars:
Zin


Message History

The centaur unwields an uncursed shortbow.
The centaur hits you.
* * * LOW HITPOINT WARNING * * *
You closely miss the centaur. You slash the giant gecko!
You kill the giant gecko!
Trog accepts your kill.
* * * LOW HITPOINT WARNING * * *
You feel sick. The centaur hits you.
* * * LOW HITPOINT WARNING * * *
A centaur comes into view.
You hit the centaur.
The centaur is moderately wounded.
* * * LOW HITPOINT WARNING * * *
You feel sick. You block the centaur's attack.
Unknown command.
Unknown command.
You hit the centaur.
The centaur is heavily wounded.
The centaur hits you.
You die...

.. ##. ..< ##.##
. ... ...
###.####
.....#(.....#
.%...(((†##.#.###
......†..@c....c.
....#.#..##.#.###
.......... #
#.###.##### ...
###


You could see 2 centaurs.

Vanquished Creatures
  A water moccasin (D:8)
  An ogre (D:7)
  A howler monkey (D:8)
  A hound (D:7)
  Natasha (D:3)
  2 adders
  An ooze (D:3)
  3 worms
  A dart slug (D:2)
  7 giant geckos
  3 bats
  2 giant cockroaches (D:2)
  2 goblins (D:3)
  2 hobgoblins (D:1)
  A quokka (D:4)
  A giant newt (D:2)
  3 kobolds
  A rat (D:1)
34 creatures vanquished.

Vanquished Creatures (others)
  A howler monkey (D:8)
1 creature vanquished.

Grand Total: 35 creatures vanquished

Notes
Turn   | Place    | Note
--------------------------------------------------------------
     0 | D:1      | 4thArraOfDagon the Hill Orc Berserker began the quest for the Orb.
     0 | D:1      | Reached XP level 1. HP: 19/19 MP: 1/1
   171 | D:3      | Found a glowing silver altar of Zin.
   235 | D:3      | Reached XP level 2. HP: 26/27 MP: 2/2
   339 | D:3      | Reached ** piety under Trog
   339 | D:3      | Reached XP level 3. HP: 22/33 MP: 3/3
   345 | D:3      | Noticed Natasha
   352 | D:3      | Killed Natasha
   352 | D:3      | Reached skill level 5 in Axes
   428 | D:2      | Reached XP level 4. HP: 38/40 MP: 4/4
   580 | D:4      | Found a staircase to the Ecumenical Temple.
   619 | D:5      | Entered Level 5 of the Dungeon
   676 | D:6      | Noticed a phantom
   692 | D:7      | Noticed an ogre
   700 | D:7      | Killed an ogre
   700 | D:7      | Reached skill level 6 in Axes
   700 | D:7      | Reached XP level 5. HP: 12/47 MP: 5/5
   727 | D:7      | Noticed a necrophage
   737 | D:7      | You fall through a shaft!
   741 | D:8      | Noticed a water moccasin
   745 | D:8      | Noticed a centaur
   748 | D:8      | Reached skill level 5 in Fighting
   748 | D:8      | Reached XP level 6. HP: 30/56 MP: 6/6
   755 | D:8      | Killed a water moccasin
   755 | D:8      | Reached skill level 7 in Axes
   757 | D:8      | HP: 4/84 [centaur (6)]
   759 | D:8      | HP: 1/84 [poisoned by a water moccasin]
   760 | D:8      | Slain by a centaur

Vault maps used:
D:1:      dpeg_arrival_windows_large_door, kennysheep_boxes
D:2:      nicolae_gozag_seed_capital, first_bread, st_stairs_9,
          serial_bayou_crossing
D:3:      zin_treasury, uniq_sigmund, uniq_natasha, uniq_crazy_yiuf_cottage
D:4:      minmay_temple_entry_large_hall, minmay_quantized
D:5:      marbit_many_paths, nemelex_deck, kennysheep_flooded_box,
          nicolae_elemental_shop
D:6:      fedhas_altar_4
D:7:      minmay_klotski, uniq_pikel
D:8:      grunt_lair_entry_orc_guard_hut, basic_altar, uniq_maurice

Skill      XL: |  1  2  3  4  5  6 |
---------------+-------------------+-----
Fighting       | 4 5 |  5.4
Axes           | 5 6 7 |  7.2
Armour         | 3 4 |  4.2
Dodging        | |  1.5

Action                   |  1- 3 |  4- 6 || total
-------------------------+-------+-------++-------
Melee: Hand axe          |    57 |    85 ||   142
Invok: Berserk           |     3 |     3 ||     6
       Trog's Hand       |     1 |     2 ||     3
  Eat: Chunk             |     1 |     4 ||     5
